Connexion

Americans vs Devils

Created - 9 octobre 2023 at 07:16

Goals
1 2 3 OT1 T
Americans 2 1 0 1 4
Devils 3 0 0 0 3
Shots
1 2 3 OT1 T
Americans 8 12 10 1 31
Devils 10 9 12 2 33

GoalsPenalties
1st period
1. Devils , Sean Kuraly 12 (Zach Sanford 13, Ryan Murphy 21) at 0:30
2. Devils , Zach Sanford 8 (Sean Kuraly 13) at 3:56 (SH)
3. Devils , Cole Cassels 6 (Carl Dahlstrom 12, Dalton Thrower 5) at 6:55
4. Americans , Mattias Samuelsson 2 (Tanner Fritz 10, Ross Johnston 11) at 10:13
5. Americans , Andrew Agozzino 8 (Cameron Hughes 4, Mattias Samuelsson 5) at 13:13
Dalton Thrower (BIN) for Hooking (Minor) at 3:46
Connor Carrick (POR) for Interference (Minor) at 18:49
2nd period
6. Americans , Joseph Duszak 4 (Connor Carrick 14, Tanner Fritz 11) at 2:37
Spencer Foo (BIN) for High sticking (Minor) at 4:50
Doyle Somerby (BIN) for High sticking (Minor) at 7:45
3rd period
No Goal
Cal Clutterbuck (BIN) for Roughing (Minor) at 1:44
Cal Clutterbuck (BIN) for Hooking (Minor) at 10:59
Carl Dahlstrom (BIN) for Boarding (Minor) at 13:18
Overtime #1
7. Americans , Patrick Brown 5 (Cameron Hughes 5, Ethan Prow 19) at 0:46
No Penalty
Goalie Stats
Alex Starlock (POR), 30 saves from 33 shots - (0,909), W, 12-7-0, 60:47 minutes
Carey Price (BIN), 27 saves from 31 shots - (0,871), OTL, 10-6-2, 60:47 minutes
3 StarsOfficial
1 - Mattias Samuelsson (POR)
2 - Sean Kuraly (BIN)
3 - Zach Sanford (BIN)
Referees : Dan O'Halloran and Ghislain Hebert
Linesman : Jay Sharrers and Derek Nansen
Game Note
No Game Note
Finance
Level 1 -- Attendance: 1949 (97,45%) -- Ticket Income 58 470 $
Level 2 -- Attendance: 804 (80,40%) -- Ticket Income 16 080 $
Total Attendance: 2753 (91,77%)
Total Ticket Income: 74 550 $
Other Income: 14 910 $
Total Income: 89 460 $



Team Name Goals Shots Shots Attemp Shots Blocked PIM HIT PP PK FO%
Americans 43169112230 / 6 (0%)046%
Devils 333661312300 / 1 (0%)054%

Americans
Player Name POS G A P +/- PIM HIT SHT SB MP PP MP PP SHT PK MP PK SHT FO% FOT
Andrew AgozzinoC/LW1011045020:247:0220:25042% 24
Cameron HughesC/LW0222001020:126:2810:0000% 0
Cole HultsD0000020017:020:0000:5400% 0
Connor CarrickD011-2221220:284:5210:0000% 0
Ethan ProwD0113001220:566:2800:0000% 0
Joseph DuszakD101-2014321:054:3430:5400% 0
Kyle OkposoC/RW0000001121:314:5201:34047% 30
Kyle RauC/LW/RW000-1000111:520:0000:00050% 2
Matt LoritoLW/RW0001005119:256:2820:0000% 1
Mattias SamuelssonD1122031022:297:0201:0500% 0
Patrick BrownC/RW101100207:000:0000:00067% 3
Riley TufteLW000002006:130:0000:0000% 0
Robbie RussoD0000032018:460:5221:0500% 0
Ross JohnstonLW0110041021:134:3401:3400% 5
Sam AnasC/RW000-1001012:440:5200:0000% 0
Sean MaloneC000001216:130:0000:00060% 5
Tanner Fritz C/LW/RW0220002020:044:3410:2500% 0
Turner ElsonC/LW/RW000-1012012:440:5200:00064% 11
Devils
Player Name POS G A P +/- PIM HIT SHT SB MP PP MP PP SHT PK MP PK SHT FO% FOT
Cal ClutterbuckLW/RW0001403014:110:0000:000100% 1
Carl DahlstromD0111220214:220:0002:0800% 0
Cole CasselsC101100106:250:0000:00014% 7
Dalton ThrowerD011-1210421:580:3404:3600% 0
Doyle SomerbyD000-1271121:440:3414:5500% 0
Eric RobinsonLW000100206:250:0000:0000% 0
Kirill MaksimovRW000-1041012:150:3410:0000% 0
Mackenzie MacEachernLW000-1001012:050:0000:24050% 2
Marc StaalD0001001124:051:2505:2100% 0
Noel HofenmayerD000-2000114:020:0001:3300% 0
Paul ByronC/LW/RW000-3035020:350:3405:09048% 21
Pavel GogolevLW000-3001121:251:4004:530100% 1
Ryan MurphyD0111040223:591:2505:1500% 0
Samuel HoudeC000-1001012:140:1900:14022% 9
Sean KuralyC/LW1122039022:091:2506:31268% 38
Spencer FooRW000-2224115:121:2500:0000% 0
Stefan FournierLW/RW000103006:250:0000:0000% 0
Zach SanfordLW1122013020:500:0006:371100% 2



Play-by-Play

1st period


0:01 of 1st period - Sean Kuraly wins face-off versus Kyle Okposo in neutral zone.
0:30 of 1st period - Shot by Sean Kuraly.
0:30 of 1st period - Goal by Sean Kuraly - Americans : 0 - Devils : 1.
0:31 of 1st period - Paul Byron wins face-off versus Andrew Agozzino in neutral zone.
0:31 of 1st period - Spencer Foo is hit by Andrew Agozzino and loses puck.
0:51 of 1st period - Shot by Matt Lorito.
0:51 of 1st period - Deflect By Andrew Agozzino.
0:51 of 1st period - Shot Blocked by Spencer Foo.
1:05 of 1st period - Spencer Foo is hit by Mattias Samuelsson and loses puck.
1:10 of 1st period - Shot by Pavel Gogolev.
1:10 of 1st period - Shot Misses the Net.
1:36 of 1st period - Shot by Samuel Houde.
1:36 of 1st period - Shot Misses the Net.
1:54 of 1st period - Shot by Mackenzie MacEachern.
1:54 of 1st period - Stopped by Alex Starlock with a rebound.
2:20 of 1st period - Shot by Cal Clutterbuck.
2:20 of 1st period - Stopped by Alex Starlock without a rebound.
2:21 of 1st period - Kyle Okposo wins face-off versus Cole Cassels in Americans zone.
2:21 of 1st period - Kyle Okposo is hit by Stefan Fournier.
2:54 of 1st period - Shot by Tanner Fritz .
2:54 of 1st period - Shot Misses the Net.
3:38 of 1st period - Kyle Rau is hit by Doyle Somerby and loses puck.
3:46 of 1st period - Minor Penalty to Dalton Thrower for Hooking.
3:47 of 1st period - Sean Kuraly wins face-off versus Ross Johnston in Devils zone.
3:56 of 1st period - Shot by Zach Sanford.
3:56 of 1st period - Goal by Zach Sanford - Americans : 0 - Devils : 2.
3:57 of 1st period - Sean Kuraly wins face-off versus Andrew Agozzino in neutral zone.
5:22 of 1st period - Shot by Sam Anas.
5:22 of 1st period - Shot Misses the Net.
5:24 of 1st period - Shot by Robbie Russo.
5:24 of 1st period - Shot Misses the Net.
5:32 of 1st period - Shot by Turner Elson.
5:32 of 1st period - Shot Blocked by Pavel Gogolev.
5:34 of 1st period - Shot by Andrew Agozzino.
5:34 of 1st period - Shot Misses the Net.
6:51 of 1st period - Shot by Dalton Thrower.
6:51 of 1st period - Shot Blocked by Connor Carrick.
6:53 of 1st period - Shot by Carl Dahlstrom.
6:53 of 1st period - Shot Blocked by Joseph Duszak.
6:55 of 1st period - Shot by Cole Cassels.
6:55 of 1st period - Goal by Cole Cassels - Americans : 0 - Devils : 3.
6:56 of 1st period - Sean Kuraly wins face-off versus Kyle Okposo in neutral zone.
7:01 of 1st period - Shot by Sean Kuraly.
7:01 of 1st period - Stopped by Alex Starlock without a rebound.
7:02 of 1st period - Kyle Okposo wins face-off versus Sean Kuraly in Americans zone.
7:17 of 1st period - Icing by Mattias Samuelsson.
7:18 of 1st period - Kyle Okposo wins face-off versus Paul Byron in Americans zone.
7:18 of 1st period - Kyle Okposo is hit by Paul Byron.
7:55 of 1st period - Off-side.
7:56 of 1st period - Sean Kuraly wins face-off versus Andrew Agozzino in neutral zone.
8:29 of 1st period - Shot by Cal Clutterbuck.
8:29 of 1st period - Shot Hit the Post.
8:36 of 1st period - Cole Hults is hit by Ryan Murphy.
8:53 of 1st period - Off-side.
8:54 of 1st period - Turner Elson wins face-off versus Paul Byron in neutral zone.
9:06 of 1st period - Sam Anas is hit by Doyle Somerby and loses puck.
9:21 of 1st period - Shot by Pavel Gogolev.
9:21 of 1st period - Shot Blocked by Joseph Duszak.
10:11 of 1st period - Shot by Tanner Fritz .
10:11 of 1st period - Stopped by Carey Price with a rebound.
10:13 of 1st period - Shot by Mattias Samuelsson.
10:13 of 1st period - Goal by Mattias Samuelsson - Americans : 1 - Devils : 3.
10:14 of 1st period - Sean Kuraly wins face-off versus Sean Malone in neutral zone.
10:24 of 1st period - Shot by Sean Kuraly.
10:24 of 1st period - Shot Misses the Net.
10:33 of 1st period - Shot by Sean Kuraly.
10:33 of 1st period - Stopped by Alex Starlock without a rebound.
10:34 of 1st period - Andrew Agozzino wins face-off versus Cole Cassels in Americans zone.
10:52 of 1st period - Shot by Matt Lorito.
10:52 of 1st period - Stopped by Carey Price with a rebound.
10:54 of 1st period - Shot by Ethan Prow.
10:54 of 1st period - Stopped by Carey Price with a rebound.
11:10 of 1st period - Shot by Andrew Agozzino.
11:10 of 1st period - Stopped by Carey Price without a rebound.
11:11 of 1st period - Sean Kuraly wins face-off versus Kyle Okposo in Devils zone.
11:31 of 1st period - Kyle Okposo is hit by Ryan Murphy and loses puck.
11:50 of 1st period - Connor Carrick is hit by Ryan Murphy and loses puck.
12:32 of 1st period - Shot by Kyle Rau.
12:32 of 1st period - Deflect By Turner Elson.
12:32 of 1st period - Stopped by Carey Price without a rebound.
12:33 of 1st period - Paul Byron wins face-off versus Andrew Agozzino in Devils zone.
12:50 of 1st period - Shot by Spencer Foo.
12:50 of 1st period - Deflect By Paul Byron.
12:50 of 1st period - Stopped by Alex Starlock with a rebound.
13:02 of 1st period - Matt Lorito is hit by Doyle Somerby and loses puck.
13:13 of 1st period - Shot by Andrew Agozzino.
13:13 of 1st period - Goal by Andrew Agozzino - Americans : 2 - Devils : 3.
13:14 of 1st period - Kyle Okposo wins face-off versus Samuel Houde in neutral zone.
14:00 of 1st period - Icing by Mackenzie MacEachern.
14:01 of 1st period - Samuel Houde wins face-off versus Patrick Brown in Devils zone.
14:01 of 1st period - Samuel Houde is hit by Riley Tufte.
14:48 of 1st period - Icing by Dalton Thrower.
14:49 of 1st period - Paul Byron wins face-off versus Andrew Agozzino in Devils zone.
14:58 of 1st period - Shot by Pavel Gogolev.
14:58 of 1st period - Shot Misses the Net.
16:00 of 1st period - Shot by Tanner Fritz .
16:00 of 1st period - Shot Misses the Net.
16:02 of 1st period - Shot by Ross Johnston.
16:02 of 1st period - Shot Blocked by Ryan Murphy.
16:12 of 1st period - Shot by Ross Johnston.
16:12 of 1st period - Shot Misses the Net.
16:14 of 1st period - Shot by Kyle Okposo.
16:14 of 1st period - Stopped by Carey Price without a rebound.
16:15 of 1st period - Turner Elson wins face-off versus Samuel Houde in Devils zone.
16:19 of 1st period - Kyle Rau is hit by Carl Dahlstrom and loses puck.
17:39 of 1st period - Shot by Cole Cassels.
17:39 of 1st period - Shot Misses the Net.
17:52 of 1st period - Off-side.
17:53 of 1st period - Sean Kuraly wins face-off versus Andrew Agozzino in neutral zone.
18:03 of 1st period - Off-side.
18:04 of 1st period - Paul Byron wins face-off versus Sean Malone in neutral zone.
18:26 of 1st period - Icing by Carl Dahlstrom.
18:27 of 1st period - Paul Byron wins face-off versus Kyle Okposo in Devils zone.
18:27 of 1st period - Paul Byron is hit by Ross Johnston.
18:43 of 1st period - Noel Hofenmayer is hit by Joseph Duszak and loses puck.
18:49 of 1st period - Minor Penalty to Connor Carrick for Interference.
18:50 of 1st period - Sean Kuraly wins face-off versus Ross Johnston in Americans zone.
19:42 of 1st period - Shot by Kirill Maksimov.
19:42 of 1st period - Stopped by Alex Starlock without a rebound.
19:43 of 1st period - Paul Byron wins face-off versus Ross Johnston in Americans zone.
19:44 of 1st period - Shot by Doyle Somerby.
19:44 of 1st period - Stopped by Alex Starlock without a rebound.
19:45 of 1st period - Paul Byron wins face-off versus Ross Johnston in Americans zone.
19:48 of 1st period - Shot by Dalton Thrower.
19:48 of 1st period - Shot Misses the Net.
Goals for this period are 2 for Americans vs 3 for Devils.
Shots for this period are 8 for Americans vs 10 for Devils.

2nd period


0:01 of 2nd period - Sean Kuraly wins face-off versus Ross Johnston in neutral zone.
1:25 of 2nd period - Shot by Samuel Houde.
1:25 of 2nd period - Stopped by Alex Starlock without a rebound.
1:26 of 2nd period - Turner Elson wins face-off versus Cole Cassels in Americans zone.
1:26 of 2nd period - Turner Elson is hit by Stefan Fournier.
1:44 of 2nd period - Shot by Turner Elson.
1:44 of 2nd period - Stopped by Carey Price without a rebound.
1:45 of 2nd period - Sean Malone wins face-off versus Sean Kuraly in Devils zone.
1:53 of 2nd period - Sean Kuraly is hit by Robbie Russo and loses puck.
1:58 of 2nd period - Shot by Sean Kuraly.
1:58 of 2nd period - Shot Blocked by Sean Malone.
2:00 of 2nd period - Shot by Marc Staal.
2:00 of 2nd period - Stopped by Alex Starlock without a rebound.
2:01 of 2nd period - Paul Byron wins face-off versus Kyle Okposo in Americans zone.
2:04 of 2nd period - Shot by Spencer Foo.
2:04 of 2nd period - Shot Misses the Net.
2:37 of 2nd period - Shot by Joseph Duszak.
2:37 of 2nd period - Goal by Joseph Duszak - Americans : 3 - Devils : 3.
2:38 of 2nd period - Sean Kuraly wins face-off versus Andrew Agozzino in neutral zone.
2:51 of 2nd period - Shot by Ethan Prow.
2:51 of 2nd period - Shot Misses the Net.
3:01 of 2nd period - Shot by Matt Lorito.
3:01 of 2nd period - Stopped by Carey Price with a rebound.
3:17 of 2nd period - Shot by Andrew Agozzino.
3:17 of 2nd period - Stopped by Carey Price with a rebound.
3:19 of 2nd period - Shot by Matt Lorito.
3:19 of 2nd period - Stopped by Carey Price with a rebound.
3:51 of 2nd period - Shot by Sam Anas.
3:51 of 2nd period - Shot Misses the Net.
3:53 of 2nd period - Shot by Kyle Rau.
3:53 of 2nd period - Shot Misses the Net.
4:49 of 2nd period - Joseph Duszak is hit by Spencer Foo and loses puck.
4:50 of 2nd period - Minor Penalty to Spencer Foo for High sticking.
4:51 of 2nd period - Sean Kuraly wins face-off versus Andrew Agozzino in Devils zone.
5:00 of 2nd period - Shot by Sean Kuraly.
5:00 of 2nd period - Stopped by Alex Starlock with a rebound.
5:02 of 2nd period - Shot by Sean Kuraly.
5:02 of 2nd period - Shot Misses the Net.
5:06 of 2nd period - Shot by Sean Kuraly.
5:06 of 2nd period - Shot Misses the Net.
5:08 of 2nd period - Shot by Sean Kuraly.
5:08 of 2nd period - Stopped by Alex Starlock without a rebound.
5:09 of 2nd period - Andrew Agozzino wins face-off versus Sean Kuraly in Americans zone.
5:20 of 2nd period - Shot by Andrew Agozzino.
5:20 of 2nd period - Shot Blocked by Dalton Thrower.
5:22 of 2nd period - Shot by Matt Lorito.
5:22 of 2nd period - Stopped by Carey Price without a rebound.
5:23 of 2nd period - Kyle Okposo wins face-off versus Sean Kuraly in Devils zone.
6:23 of 2nd period - Pavel Gogolev is hit by Mattias Samuelsson and loses puck.
6:33 of 2nd period - Icing by Andrew Agozzino.
6:34 of 2nd period - Sean Kuraly wins face-off versus Andrew Agozzino in Americans zone.
6:38 of 2nd period - Sean Kuraly is hit by Mattias Samuelsson and loses puck.
7:08 of 2nd period - Icing by Cole Hults.
7:09 of 2nd period - Turner Elson wins face-off versus Cole Cassels in Americans zone.
7:32 of 2nd period - Off-side.
7:33 of 2nd period - Kyle Okposo wins face-off versus Paul Byron in neutral zone.
7:45 of 2nd period - Minor Penalty to Doyle Somerby for High sticking.
7:46 of 2nd period - Sean Kuraly wins face-off versus Andrew Agozzino in Devils zone.
8:42 of 2nd period - Shot by Joseph Duszak.
8:42 of 2nd period - Shot Misses the Net.
8:44 of 2nd period - Shot by Joseph Duszak.
8:44 of 2nd period - Shot Misses the Net.
8:46 of 2nd period - Shot by Connor Carrick.
8:46 of 2nd period - Shot Blocked by Dalton Thrower.
8:48 of 2nd period - Shot by Ross Johnston.
8:48 of 2nd period - Shot Hit the Post.
8:50 of 2nd period - Shot by Ross Johnston.
8:50 of 2nd period - Shot Misses the Net.
8:52 of 2nd period - Shot by Tanner Fritz .
8:52 of 2nd period - Shot Misses the Net.
8:54 of 2nd period - Shot by Connor Carrick.
8:54 of 2nd period - Deflect By Tanner Fritz .
8:54 of 2nd period - Shot Blocked by Dalton Thrower.
8:56 of 2nd period - Shot by Ross Johnston.
8:56 of 2nd period - Shot Blocked by Dalton Thrower.
8:58 of 2nd period - Shot by Kyle Okposo.
8:58 of 2nd period - Shot Blocked by Carl Dahlstrom.
9:00 of 2nd period - Shot by Connor Carrick.
9:00 of 2nd period - Stopped by Carey Price with a rebound.
9:06 of 2nd period - Shot by Kyle Okposo.
9:06 of 2nd period - Shot Misses the Net.
9:08 of 2nd period - Shot by Connor Carrick.
9:08 of 2nd period - Shot Misses the Net.
9:42 of 2nd period - Shot by Andrew Agozzino.
9:42 of 2nd period - Stopped by Carey Price without a rebound.
9:43 of 2nd period - Sean Kuraly wins face-off versus Kyle Okposo in Devils zone.
9:49 of 2nd period - Icing by Patrick Brown.
9:50 of 2nd period - Sean Malone wins face-off versus Samuel Houde in Americans zone.
9:52 of 2nd period - Icing by Cole Hults.
9:53 of 2nd period - Sean Malone wins face-off versus Samuel Houde in Americans zone.
10:12 of 2nd period - Shot by Sean Malone.
10:12 of 2nd period - Stopped by Carey Price with a rebound.
10:14 of 2nd period - Shot by Sean Malone.
10:14 of 2nd period - Stopped by Carey Price without a rebound.
10:15 of 2nd period - Cal Clutterbuck wins face-off versus Matt Lorito in Devils zone.
10:15 of 2nd period - Dalton Thrower is hit by Andrew Agozzino and loses puck.
10:50 of 2nd period - Shot by Sean Kuraly.
10:50 of 2nd period - Shot Blocked by Ethan Prow.
10:52 of 2nd period - Shot by Cal Clutterbuck.
10:52 of 2nd period - Stopped by Alex Starlock without a rebound.
10:53 of 2nd period - Paul Byron wins face-off versus Kyle Okposo in Americans zone.
10:53 of 2nd period - Spencer Foo is hit by Connor Carrick and loses puck.
11:08 of 2nd period - Shot by Spencer Foo.
11:08 of 2nd period - Stopped by Alex Starlock without a rebound.
11:09 of 2nd period - Turner Elson wins face-off versus Mackenzie MacEachern in Americans zone.
11:09 of 2nd period - Cole Hults is hit by Kirill Maksimov and loses puck.
11:41 of 2nd period - Kyle Rau is hit by Carl Dahlstrom and loses puck.
11:44 of 2nd period - Shot by Sam Anas.
11:44 of 2nd period - Deflect By Kyle Rau.
11:44 of 2nd period - Shot Blocked by Carl Dahlstrom.
11:46 of 2nd period - Shot by Robbie Russo.
11:46 of 2nd period - Shot Blocked by Noel Hofenmayer.
11:48 of 2nd period - Shot by Kyle Rau.
11:48 of 2nd period - Shot Misses the Net.
11:57 of 2nd period - Off-side.
11:58 of 2nd period - Kyle Okposo wins face-off versus Sean Kuraly in neutral zone.
12:12 of 2nd period - Ross Johnston is hit by Sean Kuraly and loses puck.
12:35 of 2nd period - Shot by Ross Johnston.
12:35 of 2nd period - Shot Blocked by Ryan Murphy.
12:58 of 2nd period - Shot by Paul Byron.
12:58 of 2nd period - Shot Misses the Net.
13:01 of 2nd period - Icing by Joseph Duszak.
13:02 of 2nd period - Paul Byron wins face-off versus Kyle Okposo in Americans zone.
13:05 of 2nd period - Shot by Spencer Foo.
13:05 of 2nd period - Deflect By Paul Byron.
13:05 of 2nd period - Stopped by Alex Starlock with a rebound.
13:10 of 2nd period - Connor Carrick is hit by Doyle Somerby and loses puck.
13:47 of 2nd period - Off-side.
13:48 of 2nd period - Kyle Rau wins face-off versus Samuel Houde in neutral zone.
13:59 of 2nd period - Shot by Samuel Houde.
13:59 of 2nd period - Deflect By Mackenzie MacEachern.
13:59 of 2nd period - Shot Misses the Net.
14:07 of 2nd period - Shot by Mackenzie MacEachern.
14:07 of 2nd period - Shot Misses the Net.
14:12 of 2nd period - Mackenzie MacEachern is hit by Cole Hults and loses puck.
14:23 of 2nd period - Shot by Mackenzie MacEachern.
14:23 of 2nd period - Shot Blocked by Kyle Rau.
14:28 of 2nd period - Mackenzie MacEachern is hit by Robbie Russo and loses puck.
14:47 of 2nd period - Sean Kuraly is hit by Robbie Russo and loses puck.
14:50 of 2nd period - Shot by Sean Kuraly.
14:50 of 2nd period - Stopped by Alex Starlock without a rebound.
14:51 of 2nd period - Andrew Agozzino wins face-off versus Paul Byron in Americans zone.
15:07 of 2nd period - Shot by Andrew Agozzino.
15:07 of 2nd period - Shot Misses the Net.
15:31 of 2nd period - Shot by Andrew Agozzino.
15:31 of 2nd period - Deflect By Matt Lorito.
15:31 of 2nd period - Shot Misses the Net.
15:44 of 2nd period - Riley Tufte is hit by Doyle Somerby and loses puck.
16:26 of 2nd period - Kyle Okposo is hit by Paul Byron and loses puck.
16:34 of 2nd period - Shot by Tanner Fritz .
16:34 of 2nd period - Deflect By Ross Johnston.
16:34 of 2nd period - Stopped by Carey Price without a rebound.
16:35 of 2nd period - Sean Kuraly wins face-off versus Turner Elson in Devils zone.
17:43 of 2nd period - Ross Johnston is hit by Zach Sanford and loses puck.
18:02 of 2nd period - Shot by Tanner Fritz .
18:02 of 2nd period - Shot Misses the Net.
18:21 of 2nd period - Mackenzie MacEachern is hit by Ross Johnston and loses puck.
18:46 of 2nd period - Cole Cassels is hit by Ross Johnston and loses puck.
18:57 of 2nd period - Shot by Eric Robinson.
18:57 of 2nd period - Stopped by Alex Starlock without a rebound.
18:58 of 2nd period - Andrew Agozzino wins face-off versus Cole Cassels in Americans zone.
19:21 of 2nd period - Shot by Andrew Agozzino.
19:21 of 2nd period - Shot Misses the Net.
19:53 of 2nd period - Shot by Patrick Brown.
19:53 of 2nd period - Stopped by Carey Price without a rebound.
19:54 of 2nd period - Turner Elson wins face-off versus Samuel Houde in Devils zone.
Goals for this period are 1 for Americans vs 0 for Devils.
Shots for this period are 12 for Americans vs 9 for Devils.

3rd period


0:01 of 3rd period - Sean Kuraly wins face-off versus Kyle Okposo in neutral zone.
0:04 of 3rd period - Joseph Duszak is hit by Sean Kuraly and loses puck.
0:12 of 3rd period - Off-side.
0:13 of 3rd period - Andrew Agozzino wins face-off versus Paul Byron in neutral zone.
0:46 of 3rd period - Shot by Spencer Foo.
0:46 of 3rd period - Stopped by Alex Starlock without a rebound.
0:47 of 3rd period - Sean Kuraly wins face-off versus Kyle Okposo in Americans zone.
0:50 of 3rd period - Shot by Zach Sanford.
0:50 of 3rd period - Stopped by Alex Starlock without a rebound.
0:51 of 3rd period - Sean Kuraly wins face-off versus Kyle Okposo in Americans zone.
0:56 of 3rd period - Shot by Cal Clutterbuck.
0:56 of 3rd period - Stopped by Alex Starlock without a rebound.
0:57 of 3rd period - Sean Kuraly wins face-off versus Kyle Okposo in Americans zone.
1:18 of 3rd period - Shot by Sean Kuraly.
1:18 of 3rd period - Shot Blocked by Kyle Okposo.
1:25 of 3rd period - Tanner Fritz is hit by Ryan Murphy.
1:44 of 3rd period - Minor Penalty to Cal Clutterbuck for Roughing.
1:45 of 3rd period - Pavel Gogolev wins face-off versus Andrew Agozzino in Devils zone.
1:45 of 3rd period - Pavel Gogolev is hit by Andrew Agozzino.
2:01 of 3rd period - Shot by Cameron Hughes.
2:01 of 3rd period - Stopped by Carey Price without a rebound.
2:02 of 3rd period - Andrew Agozzino wins face-off versus Paul Byron in Devils zone.
2:17 of 3rd period - Shot by Andrew Agozzino.
2:17 of 3rd period - Shot Blocked by Doyle Somerby.
2:19 of 3rd period - Shot by Matt Lorito.
2:19 of 3rd period - Stopped by Carey Price with a rebound.
2:29 of 3rd period - Shot by Andrew Agozzino.
2:29 of 3rd period - Stopped by Carey Price with a rebound.
2:35 of 3rd period - Shot by Cameron Hughes.
2:35 of 3rd period - Shot Misses the Net.
2:55 of 3rd period - Shot by Joseph Duszak.
2:55 of 3rd period - Stopped by Carey Price without a rebound.
2:56 of 3rd period - Kyle Okposo wins face-off versus Sean Kuraly in Devils zone.
3:21 of 3rd period - Shot by Joseph Duszak.
3:21 of 3rd period - Stopped by Carey Price without a rebound.
3:22 of 3rd period - Andrew Agozzino wins face-off versus Sean Kuraly in Devils zone.
3:43 of 3rd period - Doyle Somerby is hit by Andrew Agozzino and loses puck.
3:47 of 3rd period - Carl Dahlstrom is hit by Riley Tufte and loses puck.
4:20 of 3rd period - Shot by Sean Malone.
4:20 of 3rd period - Shot Misses the Net.
4:44 of 3rd period - Shot by Paul Byron.
4:44 of 3rd period - Deflect By Spencer Foo.
4:44 of 3rd period - Shot Misses the Net.
4:46 of 3rd period - Shot by Paul Byron.
4:46 of 3rd period - Shot Misses the Net.
4:48 of 3rd period - Shot by Doyle Somerby.
4:48 of 3rd period - Shot Misses the Net.
4:50 of 3rd period - Shot by Spencer Foo.
4:50 of 3rd period - Stopped by Alex Starlock with a rebound.
4:54 of 3rd period - Shot by Paul Byron.
4:54 of 3rd period - Stopped by Alex Starlock without a rebound.
4:55 of 3rd period - Kyle Okposo wins face-off versus Cole Cassels in Americans zone.
4:59 of 3rd period - Icing by Joseph Duszak.
5:00 of 3rd period - Kyle Okposo wins face-off versus Sean Kuraly in Americans zone.
5:07 of 3rd period - Icing by Cal Clutterbuck.
5:08 of 3rd period - Zach Sanford wins face-off versus Kyle Okposo in Devils zone.
5:08 of 3rd period - Zach Sanford is hit by Ross Johnston.
5:14 of 3rd period - Shot by Sean Kuraly.
5:14 of 3rd period - Stopped by Alex Starlock without a rebound.
5:15 of 3rd period - Sean Kuraly wins face-off versus Kyle Okposo in Americans zone.
5:48 of 3rd period - Shot by Cal Clutterbuck.
5:48 of 3rd period - Shot Misses the Net.
5:50 of 3rd period - Shot by Zach Sanford.
5:50 of 3rd period - Stopped by Alex Starlock without a rebound.
5:51 of 3rd period - Andrew Agozzino wins face-off versus Paul Byron in Americans zone.
6:20 of 3rd period - Shot by Spencer Foo.
6:20 of 3rd period - Shot Blocked by Ethan Prow.
6:59 of 3rd period - Icing by Cole Hults.
7:00 of 3rd period - Sean Kuraly wins face-off versus Turner Elson in Americans zone.
7:03 of 3rd period - Shot by Sean Kuraly.
7:03 of 3rd period - Shot Misses the Net.
7:06 of 3rd period - Sean Kuraly is hit by Cole Hults and loses puck.
7:14 of 3rd period - Icing by Cole Hults.
7:15 of 3rd period - Mackenzie MacEachern wins face-off versus Kyle Rau in Americans zone.
7:29 of 3rd period - Turner Elson is hit by Kirill Maksimov and loses puck.
7:38 of 3rd period - Shot by Sam Anas.
7:38 of 3rd period - Stopped by Carey Price without a rebound.
7:39 of 3rd period - Zach Sanford wins face-off versus Kyle Okposo in Devils zone.
7:43 of 3rd period - Icing by Sean Kuraly.
7:44 of 3rd period - Kyle Okposo wins face-off versus Sean Kuraly in Devils zone.
7:57 of 3rd period - Shot by Sean Kuraly.
7:57 of 3rd period - Shot Blocked by Joseph Duszak.
7:59 of 3rd period - Shot by Cal Clutterbuck.
7:59 of 3rd period - Shot Misses the Net.
9:03 of 3rd period - Shot by Spencer Foo.
9:03 of 3rd period - Stopped by Alex Starlock without a rebound.
9:04 of 3rd period - Samuel Houde wins face-off versus Turner Elson in Americans zone.
9:05 of 3rd period - Shot by Mackenzie MacEachern.
9:05 of 3rd period - Shot Misses the Net.
9:10 of 3rd period - Icing by Robbie Russo.
9:11 of 3rd period - Cole Cassels wins face-off versus Turner Elson in Americans zone.
9:16 of 3rd period - Shot by Eric Robinson.
9:16 of 3rd period - Stopped by Alex Starlock without a rebound.
9:17 of 3rd period - Andrew Agozzino wins face-off versus Sean Kuraly in Americans zone.
9:17 of 3rd period - Andrew Agozzino is hit by Sean Kuraly.
9:37 of 3rd period - Shot by Sean Kuraly.
9:37 of 3rd period - Stopped by Alex Starlock with a rebound.
9:39 of 3rd period - Shot by Zach Sanford.
9:39 of 3rd period - Shot Misses the Net.
9:41 of 3rd period - Shot by Sean Kuraly.
9:41 of 3rd period - Shot Blocked by Matt Lorito.
9:49 of 3rd period - Shot by Sean Kuraly.
9:49 of 3rd period - Stopped by Alex Starlock without a rebound.
9:50 of 3rd period - Kyle Okposo wins face-off versus Paul Byron in Americans zone.
9:50 of 3rd period - Kyle Okposo is hit by Paul Byron.
10:15 of 3rd period - Paul Byron is hit by Connor Carrick and loses puck.
10:47 of 3rd period - Dalton Thrower is hit by Turner Elson and loses puck.
10:59 of 3rd period - Minor Penalty to Cal Clutterbuck for Hooking.
11:00 of 3rd period - Sean Kuraly wins face-off versus Andrew Agozzino in Devils zone.
13:18 of 3rd period - Minor Penalty to Carl Dahlstrom for Boarding.
13:19 of 3rd period - Kyle Okposo wins face-off versus Sean Kuraly in Devils zone.
13:20 of 3rd period - Shot by Tanner Fritz .
13:20 of 3rd period - Stopped by Carey Price without a rebound.
13:21 of 3rd period - Kyle Okposo wins face-off versus Sean Kuraly in Devils zone.
13:22 of 3rd period - Shot by Joseph Duszak.
13:22 of 3rd period - Stopped by Carey Price without a rebound.
13:23 of 3rd period - Sean Kuraly wins face-off versus Kyle Okposo in Devils zone.
13:44 of 3rd period - Shot by Joseph Duszak.
13:44 of 3rd period - Shot Blocked by Marc Staal.
14:04 of 3rd period - Connor Carrick is hit by Doyle Somerby and loses puck.
15:11 of 3rd period - Shot by Robbie Russo.
15:11 of 3rd period - Stopped by Carey Price with a rebound.
15:13 of 3rd period - Shot by Robbie Russo.
15:13 of 3rd period - Stopped by Carey Price without a rebound.
15:14 of 3rd period - Sean Kuraly wins face-off versus Andrew Agozzino in Devils zone.
16:01 of 3rd period - Carl Dahlstrom is hit by Sean Malone and loses puck.
16:30 of 3rd period - Mattias Samuelsson is hit by Stefan Fournier and loses puck.
16:42 of 3rd period - Mattias Samuelsson is hit by Dalton Thrower and loses puck.
17:13 of 3rd period - Connor Carrick is hit by Doyle Somerby and loses puck.
17:23 of 3rd period - Off-side.
17:24 of 3rd period - Sean Kuraly wins face-off versus Andrew Agozzino in neutral zone.
18:01 of 3rd period - Shot by Zach Sanford.
18:01 of 3rd period - Shot Blocked by Connor Carrick.
18:04 of 3rd period - Icing by Joseph Duszak.
18:05 of 3rd period - Andrew Agozzino wins face-off versus Paul Byron in Americans zone.
18:05 of 3rd period - Andrew Agozzino is hit by Spencer Foo.
18:44 of 3rd period - Shot by Pavel Gogolev.
18:44 of 3rd period - Stopped by Alex Starlock without a rebound.
18:45 of 3rd period - Turner Elson wins face-off versus Samuel Houde in Americans zone.
18:45 of 3rd period - Kyle Rau is hit by Kirill Maksimov and loses puck.
19:02 of 3rd period - Turner Elson is hit by Kirill Maksimov and loses puck.
19:11 of 3rd period - Shot by Turner Elson.
19:11 of 3rd period - Shot Hit the Post.
Goals for this period are 0 for Americans vs 0 for Devils.
Shots for this period are 10 for Americans vs 12 for Devils.

Overtime #1


0:01 of 1st overtime period - Patrick Brown wins face-off versus Paul Byron in neutral zone.
0:08 of 1st overtime period - Shot by Patrick Brown.
0:08 of 1st overtime period - Shot Misses the Net.
0:36 of 1st overtime period - Shot by Paul Byron.
0:36 of 1st overtime period - Shot Misses the Net.
0:38 of 1st overtime period - Shot by Paul Byron.
0:38 of 1st overtime period - Stopped by Alex Starlock with a rebound.
0:40 of 1st overtime period - Shot by Paul Byron.
0:40 of 1st overtime period - Stopped by Alex Starlock without a rebound.
0:41 of 1st overtime period - Patrick Brown wins face-off versus Paul Byron in Americans zone.
0:46 of 1st overtime period - Shot by Patrick Brown.
0:46 of 1st overtime period - Goal by Patrick Brown - Americans : 4 - Devils : 3.
Goals for this period are 1 for Americans vs 0 for Devils.
Shots for this period are 1 for Americans vs 2 for Devils.